 Dungeon Crawl Stone Soup version 0.23.2-1-ga50397a (webtiles) character file.

Game seed: 9093222453601255552

3678 Borgoz the Carver (level 9, -10/71 HPs)
             Began as a Minotaur Berserker on May 26, 2019.
             Was an Elder of Trog.
             Mangled by a two-headed ogre
             ... wielding a +0 giant spiked club
              (12 damage)
             ... on level 9 of the Dungeon.
             The game lasted 00:09:41 (6447 turns).

Borgoz the Carver (Minotaur Berserker)              Turns: 6447, Time: 00:09:42

Health: -10/71     AC: 15    Str: 23    XL:     9   Next: 90%
Magic:  8/8        EV: 14    Int:  5    God:    Trog [****..]
Gold:   125        SH:  0    Dex: 11    Spells: 8/8 levels left

rFire    x . .     SeeInvis .   b - +3 scimitar (flame)
rCold    + + .     Gourm    .   (no shield)
rNeg     . . .     Faith    .   h - +0 ice dragon scales
rPois    .         Spirit   .   (helmet restricted)
rElec    .         Reflect  .   E - +1 cloak
rCorr    .         Harm     .   (no gloves)
MR       +....                  (no boots)
Stlth    ..........             (no amulet)
HPRegen  0.21/turn              f - ring of protection from magic
MPRegen  0.11/turn              (no ring)

@: no status effects
A: retaliatory headbutt, horns 2
a: Berserk, Trog's Hand, Brothers in Arms, Renounce Religion


You were on level 9 of the Dungeon.
You worshipped Trog.
Trog was greatly pleased with you.
You were not hungry.

You visited 2 branches of the dungeon, and saw 10 of its levels.

You collected 314 gold pieces.
You spent 189 gold pieces at shops.

Inventory:

Hand Weapons
 b - a +3 scimitar of flaming (weapon)
 z - the +2 hand axe "Jeinywk" {chop, rC+ rN+ MR+ Str-4}
   (You found it on level 7 of the Dungeon)

   It inflicts extra damage upon your enemies.
   It affects your strength (-4).
   It protects you from cold.
   It protects you from negative energy.
   It affects your resistance to hostile enchantments.
Armour
 h - +0 ice dragon scales (worn)
 E - a +1 cloak (worn)
Jewellery
 f - a ring of protection from magic (left hand)
 s - an uncursed ring of stealth
 C - an uncursed amulet of rage
Wands
 w - a wand of acid (5)
 x - a wand of flame (37)
Scrolls
 d - 3 scrolls of fog {unknown}
 g - 2 scrolls of immolation {unknown}
 i - a scroll of fear {unknown}
 j - a scroll of remove curse
 k - 3 scrolls of enchant weapon {unknown}
 l - 2 scrolls of enchant armour {unknown}
 p - a scroll of noise {unknown}
 u - 6 scrolls of teleportation
 v - a scroll of holy word {unknown}
 y - a scroll of random uselessness {unknown}
 D - 2 scrolls of magic mapping
Potions
 a - a potion of ambrosia {unknown}
 e - 2 potions of haste
 m - 2 potions of resistance {unknown}
 n - a potion of lignification
 o - 3 potions of curing
 q - 2 potions of might {unknown}
 r - a potion of mutation
 A - a potion of brilliance
 B - 2 potions of invisibility
Comestibles
 c - 8 rations
 t - 7 chunks of flesh


   Skills:
 - Level 3.8 Fighting
 + Level 10.4 Long Blades
 + Level 10.0 Armour
 + Level 9.3 Dodging


You had 8 spell levels left.
You didn't know any spells.
Your spell library was empty.

Dungeon Overview and Level Annotations

Branches:
Dungeon (9/15)             Temple (1/1) D:6
   Lair: D:8-11         Orc: D:9-12

Altars:
Ashenzari
Cheibriados
Dithmenos
Elyvilon
Fedhas
Gozag
Hepliaklqana
Kikubaaqudgha
Makhleb
Nemelex Xobeh
Okawaru
Qazlal
Ru
Sif Muna
Trog
Uskayaw
Vehumet
Wu Jian
Xom
Yredelemnul
Zin
The Shining One

Shops:
D:8 ?


Innate Abilities, Weirdness & Mutations

You reflexively headbutt those who attack you in melee.
You have a pair of horns on your head.


Message History

The bolt of acid hits the jackal!
The jackal is splashed with acid.
The acid corrodes the jackal!
You kill the jackal!
Trog accepts your kill.
You hear a bark!
The two-headed ogre hits you with a +0 giant spiked club!!
* * * LOW HITPOINT WARNING * * *
The two-headed ogre hits you with a +0 dire flail!
* * * LOW HITPOINT WARNING * * *
Evoke which item? (* to show all) (? for menu, Esc to quit)
Aiming: Corrosive Bolt
Press: ? - help, Shift-Dir - straight line, f/p - two-headed ogre
Aim: a two-headed ogre, wielding a +0 giant spiked club and a +0 dire flail (severely wounded, covered in acid)
The bolt of acid hits the two-headed ogre!
The two-headed ogre is splashed with acid.
The acid corrodes the two-headed ogre!
The two-headed ogre is almost dead.
A jackal comes into view.
The two-headed ogre hits you with a +0 giant spiked club!
You die...

#.#.#....#####.#
###.#.#####...##.######+#
....#.#####...##.........
#..........##......... #####
#........####......... ....#
#........# #.........
.##.#####.####### #.........
..#.#.....##########.........
..#.#.#####....O@............
.<....# ......#####.########
#รท#.#.# ..... #.# ).#.###
.... #.# ###.. ..h #.# ####
## #.# #.# .#


You could see a two-headed ogre and a jackal.

Vanquished Creatures
  Erica (D:8)
  Eustachio (D:5)
  A hungry ghost (D:9)
  A sky beast (D:7)
  3 orc warriors
  3 ice beasts
  An ogre (D:7)
  2 centaurs
  A big kobold (D:8)
  4 bullfrogs
  A wyvern skeleton (D:8)
  5 scorpions
  4 howler monkeys
  3 crimson imps
  2 jellies
  2 centaur skeletons
  6 orc wizards
  A bullfrog zombie (D:5)
  6 orc priests
  3 hounds
  2 iguanas
  3 worker ants
  Natasha (thrice) (D:4)
  A hound zombie (D:6)
  A worker ant zombie (D:6)
  5 adders
  A shadow imp (D:8)
  2 adder skeletons
  4 worms
  A dart slug (D:2)
  6 leopard geckos
  22 orcs
  6 giant cockroaches
  5 goblins
  2 hobgoblins (D:3)
  15 jackals
  5 kobolds
  4 quokkas
  4 bats
  5 frilled lizards
  A leopard gecko zombie (D:7)
  A quokka zombie (D:8)
  7 rats
157 creatures vanquished.

Notes
Turn   | Place    | Note
-------+----------+-------------------------------------------
     0 | D:1      | Borgoz the Minotaur Berserker began the quest for the Orb.
     0 | D:1      | Reached XP level 1. HP: 19/19 MP: 0/0
   731 | D:1      | Reached XP level 2. HP: 27/27 MP: 1/1
   848 | D:2      | Found a basalt altar of Yredelemnul.
   923 | D:2      | Reached XP level 3. HP: 29/33 MP: 2/2
   966 | D:2      | Reached ** piety under Trog
  1590 | D:2      | Reached XP level 4. HP: 40/40 MP: 3/3
  2363 | D:4      | Noticed Natasha
  2371 | D:4      | Reached skill level 5 in Long Blades
  2371 | D:4      | Reached XP level 5. HP: 46/46 MP: 4/4
  2378 | D:4      | Killed Natasha
  2495 | D:4      | Noticed Natasha
  2501 | D:4      | Killed Natasha
  2501 | D:4      | Reached XP level 6. HP: 49/52 MP: 5/5
  2508 | D:4      | Noticed Natasha
  2519 | D:4      | Killed Natasha
  2549 | D:4      | You fall through a shaft!
  2549 | D:5      | Entered Level 5 of the Dungeon
  2555 | D:5      | Reached skill level 5 in Armour
  2597 | D:5      | Noticed Eustachio
  2623 | D:5      | Killed Eustachio
  2623 | D:5      | Reached skill level 5 in Dodging
  2623 | D:5      | Reached XP level 7. HP: 50/58 MP: 6/6
  3200 | D:5      | Reached *** piety under Trog
  3668 | D:6      | Reached XP level 8. HP: 46/66 MP: 7/7
  3781 | D:6      | Found a staircase to the Ecumenical Temple.
  3817 | Temple   | Entered the Ecumenical Temple
  4087 | D:6      | Lost intelligence.
  4678 | D:7      | Got a pitted hand axe
  4679 | D:7      | Identified the cursed +2 hand axe "Jeinywk" {chop, rC+ rN+
                  | MR+ Str-4} (You found it on level 7 of the Dungeon)
  5270 | D:7      | Reached XP level 9. HP: 58/71 MP: 8/8
  5388 | D:8      | Found Puecu's Magic Scroll Shop.
  5588 | D:8      | Bought a scroll of identify for 28 gold pieces
  5588 | D:8      | Bought a scroll of identify for 28 gold pieces
  5588 | D:8      | Bought a scroll of teleportation for 42 gold pieces
  5588 | D:8      | Bought a scroll of magic mapping for 49 gold pieces
  5592 | D:8      | Bought a scroll of teleportation for 42 gold pieces
  5717 | D:8      | Noticed Erica
  5742 | D:8      | Killed Erica
  5839 | D:8      | Reached **** piety under Trog
  5839 | D:8      | Reached skill level 10 in Long Blades
  6117 | D:8      | Found a stormy altar of Qazlal.
  6420 | D:9      | Noticed a two-headed ogre
  6432 | D:9      | Reached skill level 10 in Armour
  6446 | D:9      | HP: 2/71 [two-headed ogre/+0 giant spiked club (12)]
  6447 | D:9      | Mangled by a two-headed ogre

Skill      XL: |  1  2  3  4  5  6  7  8  9 |
---------------+----------------------------+-----
Long Blades    | 4 5 6 7 8 10 | 10.4
Armour         | 3 4 5 6 8 10 | 10.0
Dodging        | 3 4 5 6 7 9 |  9.3
Fighting       | |  3.8

Action                   |  1- 3 |  4- 6 |  7- 9 || total
-------------------------+-------+-------+-------++-------
Melee: Falchion          |    73 |    59 |       ||   132
       Headbutt          |    16 |    20 |    54 ||    90
       Long sword        |       |    23 |   218 ||   241
       Scimitar          |       |       |    56 ||    56
Invok: Berserk           |       |     2 |     1 ||     3
       Trog's Hand       |       |     1 |     1 ||     2
Evoke: Wand              |       |       |     5 ||     5
  Use: Scroll            |       |       |     7 ||     7
       Potion            |       |       |     2 ||     2
  Eat: Chunk             |     1 |     6 |    16 ||    23
Armor: Ice dragon scales |    41 |    53 |    99 ||   193
       Skin              |       |       |     5 ||     5
Dodge: Dodged            |    50 |    54 |   159 ||   263
       Rpst.: Falchion   |    14 |    14 |       ||    28
       Long sword        |       |     4 |    30 ||    34
       Scimitar          |       |       |     9 ||     9
